 Dungeon Crawl Stone Soup version 0.29-a0-581-ge9a90b782e (webtiles) character file.

Game seed: 7531009212384826094

310 Nedwor the Covered (level 6, 0/49 HPs)
             Began as a Human Fighter on June 14, 2022.
             Slain by a scorpion (2 damage)
             ... on level 4 of the Dungeon.
             The game lasted 00:03:10 (2821 turns).

Nedwor the Covered (Human Fighter)                  Turns: 2821, Time: 00:03:11

Health: 0/49       AC: 16    Str: 16    XL:     6   Next: 70%
Magic:  6/6        EV:  0    Int:  8    God:
Gold:   154        SH:  5    Dex: 15    Spells: 5/5 levels left

rFire   . . .      SeeInvis .   a - +0 long sword
rCold   . . .      Faith    .   c - +0 buckler
rNeg    . . .      Spirit   .   h - +0 crystal plate armour
rPois   .          Reflect  .   (no helmet)
rElec   .          Harm     .   (no cloak)
rCorr   .          Rampage  .   (no gloves)
Will    .....                   (no boots)
Stlth   ..........              (no amulet)
HPRegen 0.16/turn               (no ring)
MPRegen 0.10/turn               (no ring)

@: no status effects
A: no striking features
a: no special abilities


You were on level 4 of the Dungeon.
You visited 1 branch of the dungeon, and saw 4 of its levels.

You collected 154 gold pieces.

Inventory:

Hand Weapons
 a - a +0 long sword (weapon)
Missiles
 s - a throwing net (quivered)
Armour
 c - a +0 buckler (worn)
 h - a +0 crystal plate armour (worn)
Jewellery
 e - a ring of fire
 g - an amulet of magic regeneration
Scrolls
 j - a scroll of enchant armour {unknown}
 k - 6 scrolls of identify {unknown}
 l - a scroll of teleportation {unknown}
 m - a scroll of poison {unknown}
 o - a scroll of fear {unknown}
Potions
 b - 2 potions of attraction {unknown}
 d - a potion of might
 f - a potion of mutation {unknown}
 i - a potion of cancellation {unknown}
 n - a potion of curing {unknown}
 p - a potion of magic {unknown}
 q - a potion of resistance {unknown}
 r - a potion of heal wounds {unknown}


   Skills:
 + Level 4.3 Fighting
 + Level 3.6 Long Blades
 + Level 4.3 Armour
 + Level 4.3 Shields


You had 5 spell levels left.
You didn't know any spells.
Your spell library contained the following spells:

 Spells                   Type           Power      Damage    Failure   Level
 Summon Small Mammal      Summ           0%         N/A       100%        1
 Call Canine Familiar     Summ           0%         N/A       100%        3
 Summon Guardian Golem    Hex/Summ       0%         N/A       100%        3


Dungeon Overview and Level Annotations

Branches:
Dungeon (4/15)
 Temple: D:4-7

Altars:
Dithmenos
Fedhas
Okawaru
Trog

Shops:
D:1 ?   D:2 [

Annotations:
D:3 exclusion: oklob plant


Message History

You kill the ogre!
The scorpion stings you.
You are poisoned.
The scorpion poisons you! The scorpion attacks as you move away!
The scorpion stings you but does no damage.
You feel very sick. You block the scorpion's attack.
You see here a +0 giant club.
You hit the scorpion.
The scorpion is lightly wounded.
You feel very sick.
The scorpion stings you but does no damage.
You hit the scorpion.
The scorpion is moderately wounded.
You feel sick. You block the scorpion's attack.
You barely miss the scorpion.
The scorpion is moderately wounded.
You feel sick.
The scorpion stings you but does no damage. x2
You barely miss the scorpion.
The scorpion is moderately wounded.
You feel sick.
The scorpion stings you but does no damage.
The scorpion stings you.
* * * LOW HITPOINT WARNING * * *
You closely miss the scorpion.
The scorpion is moderately wounded.
You feel sick.
The scorpion stings you but does no damage.
You hit the scorpion but do no damage.
The scorpion is moderately wounded.
You feel sick. You block the scorpion's attack. The scorpion stings you.
* * * LOW HITPOINT WARNING * * *
You closely miss the scorpion.
The scorpion is moderately wounded.
You feel sick.
You are no longer poisoned.
The scorpion stings you.
You die...

#############
#...........#
#...........#
#...........#
#......@.(..+
#......s..).#
#.####......#
#.........
#.........
#.........
#.........
..........
..........


You could see a scorpion.

Vanquished Creatures
  A black bear (D:3)
  An ogre (D:4)
  Natasha (thrice) (D:2)
  An adder (D:3)
  A worm (D:3)
  3 dart slugs
  2 orcs (D:3)
  5 endoplasms
  3 giant cockroaches
  4 goblins
  7 hobgoblins
  3 jackals (D:3)
  2 quokkas
  2 bats
  2 frilled lizards
  4 kobolds
  2 rats
46 creatures vanquished.

Notes
Turn   | Place    | Note
-------+----------+-------------------------------------------
     0 | D:1      | Nedwor the Human Fighter began the quest for the Orb.
     0 | D:1      | Reached XP level 1. HP: 18/18 MP: 1/1
   126 | D:1      | Found Liqiamyc's Magic Scroll Shop.
   135 | D:1      | Reached XP level 2. HP: 23/24 MP: 2/2
   908 | D:2      | Found Wior's Armour Shop.
  1006 | D:2      | Found an iron altar of Okawaru.
  1174 | D:2      | Noticed Natasha
  1178 | D:2      | Noticed a crimson imp
  1196 | D:2      | Killed Natasha
  1197 | D:2      | Reached XP level 3. HP: 13/29 MP: 3/3
  1459 | D:2      | Found a faded altar of an unknown god.
  1652 | D:2      | Noticed Natasha
  1663 | D:2      | Killed Natasha
  1664 | D:2      | Reached XP level 4. HP: 28/35 MP: 4/4
  1669 | D:2      | Noticed Natasha
  1686 | D:2      | Killed Natasha
  1687 | D:2      | Reached XP level 5. HP: 32/42 MP: 5/5
  1929 | D:3      | Noticed a black bear
  1940 | D:3      | Killed a black bear
  1941 | D:3      | Reached XP level 6. HP: 24/48 MP: 6/6
  2142 | D:3      | Found a shadowy altar of Dithmenos.
  2412 | D:3      | Found an iron altar of Okawaru.
  2561 | D:3      | Found a bloodstained altar of Trog.
  2711 | D:3      | Found a blossoming altar of Fedhas.
  2723 | D:3      | Noticed an oklob plant
  2807 | D:4      | Noticed an ogre
  2813 | D:4      | Killed an ogre
  2820 | D:4      | HP: 2/49 [scorpion (2)]
  2821 | D:4      | Slain by a scorpion

Illustrated notes

Levels and vault maps discovered:
D:1:      psy_arrival_radial01, layout_basic, serial_shops, shop
D:2:      layout_basic, hellmonk_ecumenical_altar_zigzags, serial_shops,
          nicolae_shop_stone, nicolae_shop_overgrown_old_shop, basic_altar,
          uniq_natasha
D:3:      layout_basic, okawaru_ov_weapons_minmay,
          nicolae_dithmenos_the_darkroom, tgw_fedhas, trog_hazing_becter
D:4:      cheibrodos_pilgrimage, layout_gridville, serial_shops,
          nicolae_take_the_stairs, grunt_ministairs_10, uniq_eustachio

Skill      XL: |  1  2  3  4  5 |
---------------+----------------+-----
Fighting       | 4 |  4.3
Long Blades    | 3 |  3.6
Armour         | 4 |  4.3
Shields        | 4 |  4.3

Action                   |  1- 3 |  4- 6 || total
-------------------------+-------+-------++-------
Melee: Long sword        |    70 |   103 ||   173
  Use: Scroll            |     1 |       ||     1
Armor: Scale mail        |    12 |       ||    12
       Crystal plate arm |    36 |    99 ||   135
Dodge: Dodged            |    10 |     3 ||    13
Block: Buckler           |    12 |    31 ||    43

Table legend: (Time is in decaauts)
 A = Elapsed time spent in this place.
 B = Non-inter-level travel time spent in this place.
 C = Inter-level travel time spent in this place.
 D = Time resting spent in this place.
 E = Time spent auto-exploring this place.
 F = Levels seen in this place.
 G = Mean time per level.
                   A        B        C        D        E       F      G
               +--------+--------+--------+--------+--------+-----+--------+
         Total |   2879 |   2771 |    108 |    231 |   2098 |   4 |  719.8 |
       Dungeon |   2879 |   2771 |    108 |    231 |   2098 |   4 |  719.8 |
               +--------+--------+--------+--------+--------+-----+--------+

Top non-repeatable levels by time:
     D:3: 1056 daAuts
     D:2: 924 daAuts
     D:1: 882 daAuts
     D:4: 16 daAuts
